 Dungeon Crawl Stone Soup version 0.30-a0-377-g5cb311bc9f (webtiles) character file.

Game seed: 8416547538095979582

226 bande the Covered (level 6, -1/38 HPs)
             Began as a Gargoyle Fighter on Nov 27, 2022.
             Slain by Eustachio
             ... wielding a +4 falchion of pain
              (6 damage)
             ... on level 4 of the Dungeon.
             The game lasted 00:06:43 (3976 turns).

bande the Covered (Gargoyle Fighter)                Turns: 3976, Time: 00:06:44

Health: -1/38      AC: 14    Str: 17 (20) XL:     6   Next: 1%
Magic:  6/6        EV:  6    Int:  6 (8)  God:
Gold:   223        SH:  3    Dex:  4 (11) Spells: 5/5 levels left

rFire   . . .      SeeInvis .    a - +1 war axe
rCold   . . .      Faith    .    c - +0 buckler
rNeg    + . .      Spirit   .    e - +0 chain mail
rPois   ∞          Reflect  .    (no helmet)
rElec   +          Harm     .    (no cloak)
rCorr   .          Rampage  .    (no gloves)
Will    .....                    (no boots)
Stlth   ..........               (no amulet)
HPRegen 0.26/turn                (no ring)
MPRegen 0.10/turn                (no ring)

@: no status effects
A: sickness immunity, AC +4, negative energy resistance 1, electricity
resistance, torment resistance 1, petrification resistance
a: no special abilities


You were on level 4 of the Dungeon.
You visited 1 branch of the dungeon, and saw 4 of its levels.

You collected 223 gold pieces.

Inventory:

Hand Weapons
 a - a +1 war axe (weapon)
Armour
 c - a +0 buckler (worn)
 e - a +0 chain mail (worn)
 q - a +0 plate armour
Scrolls
 b - a scroll of teleportation
 g - a scroll of blinking
 h - 3 scrolls of enchant weapon
Potions
 d - a potion of might
 f - a potion of invisibility
 i - a potion of degeneration
 j - a potion of magic {unknown}
 k - a potion of curing {unknown}
 m - a potion of cancellation {unknown}
 n - 3 potions of resistance {unknown}
 o - 2 potions of brilliance
 p - 2 potions of flight {unknown}


   Skills:
 + Level 4.0 Fighting
 + Level 4.0 Axes
 + Level 4.4 Armour
 + Level 4.1 Shields


You had 5 spell levels left.
You didn't know any spells.
Your spell library contained the following spells:

 Spells                   Type           Power      Damage    Failure   Level
 Wereblood                Tmut           0%         N/A       100%        2
 Call Canine Familiar     Summ           0%         N/A       100%        3
 Portal Projectile        Hex/Tloc       0%         N/A       100%        3
 Leda's Liquefaction      Hex/Erth       0%         N/A       100%        4
 Summon Hydra             Summ           0%         N/A       100%        7
 Sublimation of Blood     Necr           Unusable   N/A       N/A         2

Dungeon Overview and Level Annotations

Branches:
Dungeon (4/15)
 Temple: D:4-7

Altars:
Wu Jian

Annotations:
D:4 Eustachio


Innate Abilities, Weirdness & Mutations

You are immune to sickness and miasma.
Your stone body is resilient. (AC +4)
You are immune to poison.
You resist negative energy. (rN+)
You are resistant to electric shocks. (rElec)
You are resistant to unholy torment.
You are immune to petrification.


Message History

Eustachio is almost dead.
You hit the iron imp. You slash the shadow imp! You barely miss the iron imp.
The shadow imp hits you but does no damage.
Eustachio gestures wildly while chanting.
Eustachio blinks!
The iron imp hits you.
* * * LOW HITPOINT WARNING * * *
The shadow imp gestures at you.
You barely resist.
The iron imp hits you but does no damage.
You block the iron imp's attack.
The shadow imp hits you but does no damage.
Unknown command.
Eustachio gestures wildly while chanting.
The iron imp shouts, "Out, out, thou lumpish fool-born clack-dish!"
You block the shadow imp's attack.
You hit the iron imp but do no damage.
The iron imp is lightly wounded.
You barely miss the shadow imp.
The rat twitches its whiskers.
You block the iron imp's attack. The bat hits you but does no damage.
You block the bat's attack. The bat barely misses you.
The iron imp barely misses you.
You hit the iron imp.
The iron imp is heavily wounded.
You closely miss the bat. You barely miss the iron imp.
You barely miss the bat. The bat hits you but does no damage.
The bat barely misses you. You block the bat's attack. The iron imp hits you!
* * * LOW HITPOINT WARNING * * *
The iron imp hits you but does no damage.
You hit the iron imp but do no damage.
The iron imp is heavily wounded.
You completely miss the rat. You hit the iron imp.
The bat hits you but does no damage. The bat barely misses you.
The rat bites you but does no damage.
Eustachio casts a spell.
Eustachio blinks!
The bat closely misses you.
The iron imp hits you but does no damage. x2
The bat hits you but does no damage. x2; The bat barely misses you.
Eustachio hits you with a +4 falchion of pain.
You die...

........#.......#.....#......#
........'.......#.....#########
...##...#.......#.............#
...##...#.......#.............#
....#...#.......#.............#
...#######......#.......†.....#
...##...##......#.....##+#....#
#####....#.....b#@....#..#....#
.........'....rb@.....#..#....#
.........#....55#.....'..######
........b#.....5#.....#..#....#
......)..#......#.....#..#....#
...##...##......#.....#..#...####
#'###..@##.)....#.....#..#...##..
....#5.§.#......#.....#..##..##..
....'....#..##..#.....#..##..##..
....#...##..##..#.....#..........


You could see Eustachio, 2 iron imps, a shadow imp (summoned), 2 bats and a rat
(summoned).

Vanquished Creatures
  A hound (D:4)
  3 iguanas (D:4)
  4 adders
  A worm (D:4)
  A dart slug (D:1)
  An orc (D:3)
  10 ball pythons
  7 bats
  4 endoplasms
  4 giant cockroaches
  12 goblins
  10 hobgoblins
  3 quokkas
  6 frilled lizards
  4 kobolds
  8 rats
79 creatures vanquished.

Notes
Turn   | Place    | Note
-------+----------+-------------------------------------------
     0 | D:1      | bande the Gargoyle Fighter began the quest for the Orb.
     0 | D:1      | Reached XP level 1. HP: 14/14 MP: 1/1
    79 | D:1      | Reached XP level 2. HP: 17/19 MP: 2/2
   227 | D:1      | Reached XP level 3. HP: 17/23 MP: 3/3
  1109 | D:2      | Reached XP level 4. HP: 28/28 MP: 4/4
  2048 | D:3      | Found an ornate altar of the Wu Jian Council.
  2218 | D:3      | Found a faded altar of an unknown god.
  2335 | D:4      | Reached XP level 5. HP: 17/33 MP: 5/5
  3155 | D:4      | Noticed Eustachio
  3270 | D:3      | Reached XP level 6. HP: 21/38 MP: 6/6
  3976 | D:4      | Slain by Eustachio

Illustrated notes

Levels and vault maps discovered:
D:1:      dpeg_arrival_pits, layout_basic
D:2:      kennysheep_the_goblin_king, layout_loops_ring,
          nicolae_figureground_sparkle
D:3:      layout_basic, mainiacjoe_overflow_alcove_2,
          shapermc_ecumenical_altar_petra, minmay_surrounded
D:4:      layout_gridville, minmay_temple_entry_poolview, uniq_eustachio

Skill      XL: |  1  2  3  4  5 |
---------------+----------------+-----
Axes           | 2 3 4 |  4.0
Armour         | 4 |  4.4
Shields        | 4 |  4.1
Fighting       | 4 |  4.0

Action                   |  1- 3 |  4- 6 || total
-------------------------+-------+-------++-------
Melee: War axe           |   124 |   176 ||   300
       Unarmed           |       |    19 ||    19
  Use: Scroll            |       |     9 ||     9
       Potion            |       |     4 ||     4
Armor: Scale mail        |    73 |    10 ||    83
       Chain mail        |       |   217 ||   217
       Skin              |       |    31 ||    31
Dodge: Dodged            |    82 |   249 ||   331
Block: Buckler           |    40 |    80 ||   120

Table legend: (Time is in decaauts)
 A = Elapsed time spent in this place.
 B = Non-inter-level travel time spent in this place.
 C = Inter-level travel time spent in this place.
 D = Time resting spent in this place.
 E = Time spent auto-exploring this place.
 F = Levels seen in this place.
 G = Mean time per level.
                   A        B        C        D        E       F      G
               +--------+--------+--------+--------+--------+-----+--------+
         Total |   4092 |   4083 |      9 |    958 |   2224 |   4 | 1023.0 |
       Dungeon |   4092 |   4083 |      9 |    958 |   2224 |   4 | 1023.0 |
               +--------+--------+--------+--------+--------+-----+--------+

Top non-repeatable levels by time:
     D:3: 1559 daAuts
     D:4: 1125 daAuts
     D:1: 757 daAuts
     D:2: 649 daAuts
